 Dungeon Crawl Stone Soup version 0.31-a0-188-g5e087ee2ca (webtiles) character file.

Game seed: 9977230165940479490

109 qw the Skirmisher (level 4, -1/25 HPs)
             Began as a Deep Elf Hunter on June 22, 2023.
             Slain by Pikel
             ... wielding a +0 whip of flaming
              (2 damage)
             ... on level 4 of the Dungeon.
             The game lasted 00:01:28 (2714 turns).

qw the Skirmisher (Deep Elf Hunter)                 Turns: 2714, Time: 00:01:29

Health: -1/25      AC:  6    Str: 10    XL:     4   Next: 60%
Magic:  6/6        EV: 11    Int: 14    God:
Gold:   158        SH:  0    Dex: 18    Spells: 3/3 levels left

rFire   . . .        Y - +0 shortbow
rCold   . . .        (shield currently unavailable)
rNeg    . . .        g - +1 ring mail
rPois   .            (no helmet)
rElec   .            (no cloak)
rCorr   +            (no gloves)
SInv    .            (no boots)
Will    .....        (no amulet)
Stlth   +            j - ring of resist corrosion
HPRegen 0.24/turn    (no ring)
MPRegen 0.10/turn

%: no passive effects
@: about to teleport
A: no striking features
a: no special abilities


You were on level 4 of the Dungeon.
You visited 1 branch of the dungeon, and saw 4 of its levels.

You collected 158 gold pieces.


   Skills:
 - Level 1.5 Fighting
 + Level 8.0 Ranged Weapons
 - Level 2.4 Dodging
 - Level 1.2 Stealth


You had 3 spell levels left.
You didn't know any spells.
Your spell library was empty.

Inventory:

Hand Weapons
 Y - a +0 shortbow (weapon)
Armour
 g - a +1 ring mail (worn)
Jewellery
 j - a ring of resist corrosion (left hand)
Scrolls
 b - a scroll of noise {unknown}
 f - 2 scrolls of identify
Potions
 d - 5 potions of curing

Dungeon Overview and Level Annotations

Branches:
Dungeon (4/15)
 Temple: D:4-7

Altars:
Okawaru

Annotations:
D:4 Pikel


Message History

Pikel, Merchant of Souls comes into view.
He is wielding a +0 whip of flaming and wearing a +2 robe of fire resistance.
Pikel shouts!
You hear a shout! x2; You hear an angry hiss.
A lemure comes into view.
Enter note:
Enter note: You shoot an arrow.
The arrow hits Pikel but does no damage.
You shoot an arrow. The arrow closely misses Pikel.
You hear a shout!
Pikel hits you with a +0 whip of flaming.
Pikel burns you.
A lemure comes into view.
You hear a shout!
You shoot an arrow. The arrow hits Pikel.
Pikel is lightly wounded.
Pikel closely misses you.
You shoot an arrow.
The arrow hits Pikel but does no damage.
Pikel is lightly wounded.
Pikel hits you with a +0 whip of flaming.
Pikel burns you.
Pikel hits you with a +0 whip of flaming.
Pikel burns you.
You shoot an arrow. The arrow hits Pikel!
Pikel is moderately wounded.
Pikel hits you but does no damage.
You shoot an arrow.
The arrow hits Pikel but does no damage.
Pikel is moderately wounded.
Pikel hits you with a +0 whip of flaming.
Pikel burns you.
A lemure comes into view.
You shoot an arrow. The arrow barely misses Pikel.
Pikel hits you with a +0 whip of flaming.
Pikel burns you.
2714 ||| READING scroll of teleportation.
As you read the scroll of teleportation, it crumbles to dust.
You feel strangely unstable.
Pikel hits you with a +0 whip of flaming.
You die...

#. ... #. ... #.
#.# # ##. #.#..# .5
#.#..# #5 #.#..#
#.###K####.#..#
#.....@)....:.#
#####.####.##.#
#.####.##.#
#....(....#
....######.#
##.#######.#
#<........##
########>..########
####.#.........


You could see Pikel and 2 lemures.

Vanquished Creatures
  A hound (D:4)
  3 adders (D:2)
  A worm (D:3)
  A dart slug (D:1)
  6 endoplasms
  2 giant cockroaches (D:3)
  6 goblins
  6 hobgoblins
  5 kobolds
  2 quokkas
  5 ball pythons
  3 bats
  4 frilled lizards
  6 rats
51 creatures vanquished.

Notes
Turn   | Place    | Note
-------+----------+-------------------------------------------
     0 | D:1      | qw the Deep Elf Hunter began the quest for the Orb.
     0 | D:1      | Reached XP level 1. HP: 12/12 MP: 3/3
     0 | D:1      | 0 ||| qw: Version: 0.3-a-9-g12657ce
     0 | D:1      | 0 ||| qw: Game counter: 3057
     0 | D:1      | 0 ||| qw: Always use a shield: true
     0 | D:1      | 0 ||| qw: God list: Okawaru
     0 | D:1      | 0 ||| qw: Allow faded altars: false
     0 | D:1      | 0 ||| qw: Do Orc after D:15 true
     0 | D:1      | 0 ||| qw: Do second Lair branch before Depths: true
     0 | D:1      | 0 ||| qw: Lair rune preference: random
     0 | D:1      | 0 ||| qw: Plans: Normal
     0 | D:1      | 0 ||| PLANNING D:1-11
   146 | D:1      | Reached XP level 2. HP: 16/16 MP: 4/4
   152 | D:1      | Reached skill level 6 in Ranged Weapons
   511 | D:1      | 511 ||| Stepping ~*~*~tactically~*~*~ (outnumbered).
   513 | D:1      | 513 ||| Stepping ~*~*~tactically~*~*~ (outnumbered).
   516 | D:1      | 516 ||| Stepping ~*~*~tactically~*~*~ (outnumbered).
   688 | D:1      | 688 ||| UPGRADING to +0 ring mail.
   698 | D:1      | 698 ||| DROPPING +0 leather armour.
   699 | D:1      | 699 ||| READING scroll labelled ASULIDWAMN.
   703 | D:1      | 703 ||| READING 2 scrolls labelled GIBE BEUDO.
   704 | D:1      | 704 ||| DRINKING 2 fuming cyan potions.
   705 | D:1      | 705 ||| DROPPING scroll of butterflies.
   789 | D:2      | Reached XP level 3. HP: 20/20 MP: 5/5
  1220 | D:2      | Reached skill level 7 in Ranged Weapons
  1543 | D:2      | Found a faded altar of an unknown god.
  1546 | D:2      | 1546 ||| DROPPING scarf of harm.
  1547 | D:2      | 1547 ||| UPGRADING to ring of resist corrosion.
  1548 | D:2      | 1548 ||| READING 4 scrolls labelled WIOLUDD MAPAAPT.
  1549 | D:2      | 1549 ||| READING scroll labelled APSONA CUJOIDU.
  1550 | D:2      | 1550 ||| READING scroll labelled OLOEDE ECZEJU.
  1551 | D:2      | 1551 ||| DRINKING 2 emerald potions.
  1568 | D:2      | 1568 ||| READING 3 scrolls of identify.
  1568 | D:2      | 1568 ||| IDENTIFYING blue potion
  1569 | D:2      | 1569 ||| DROPPING 3 scrolls of revelation.
  1570 | D:2      | 1570 ||| DROPPING potion of invisibility.
  1571 | D:2      | 1571 ||| DROPPING potion of lignification.
  1776 | D:3      | Reached XP level 4. HP: 25/25 MP: 6/6
  1851 | D:3      | 1851 ||| READING scroll of enchant armour.
  1851 | D:3      | 1851 ||| ENCHANTING +0 ring mail.
  1903 | D:3      | 1903 ||| READING scroll labelled MEITOI OQOEV.
  2108 | D:3      | Found an iron altar of Okawaru.
  2109 | D:3      | 2109 ||| PLANNING OKAWARU WORSHIP
  2330 | D:3      | 2330 ||| READING scroll labelled XEMMO UPRUOSIE.
  2331 | D:3      | 2331 ||| DRINKING 2 orange potions.
  2332 | D:3      | 2332 ||| DROPPING potion of brilliance.
  2344 | D:3      | 2344 ||| PLANNING D:1-11
  2611 | D:4      | Reached skill level 8 in Ranged Weapons
  2706 | D:4      | Noticed Pikel
  2706 | D:4      | Noticed a lemure
  2708 | D:4      | Noticed a lemure
  2712 | D:4      | Noticed a lemure
  2713 | D:4      | HP: 4/25 [Pikel/+0 whip of flaming (5)]
  2713 | D:4      | HP: 1/25 [Pikel/+0 whip of flaming (3)]
  2714 | D:4      | 2714 ||| READING scroll of teleportation.
  2714 | D:4      | Slain by Pikel

Levels and vault maps discovered:
D:1:      dpeg_arrival_tiny_b, layout_basic, minmay_box_of_dots
D:2:      layout_basic, shapermc_ecumenical_altar_mp_urbaneastern,
          serial_bayou_pond_a
D:3:      layout_loops_ring, general_overflow_altar, serial_bayou_pond_c,
          nicolae_eternal_life
D:4:      layout_loops_ring, feat_on_display, uniq_pikel

Skill      XL: |  1  2  3  4 |
---------------+-------------+-----
Ranged Weapons | 6 7 8 |  8.0
Fighting       | |  1.5
Dodging        | |  2.4
Stealth        | |  1.2

Action                     |  1- 3 |  4- 6 || total
---------------------------+-------+-------++-------
   Fire: Shortbow          |    95 |    49 ||   144
    Use: Scroll            |     6 |     4 ||    10
         Potion            |     2 |     1 ||     3
 Armour: Leather armour    |     4 |       ||     4
         Ring mail         |     7 |     5 ||    12
  Dodge: Dodged            |    28 |     9 ||    37

Table legend:
 A = Non-vault XP
 B = Vault XP
 C = Vault XP percentage of total XP
 D = Non-vault monster count
 E = Vault monster count
 F = Vault count percentage of total count
                 A         B        C        D         E       F
            +---------+---------+-------+---------+---------+-------
      Total |     152 |       5 |   3.2 |      47 |       4 |   7.8
            +---------+---------+-------+---------+---------+-------
        D:1 |      32 |       5 |  13.5 |      19 |       4 |  17.4
        D:2 |      54 |       0 |   0.0 |      13 |       0 |   0.0
        D:3 |      20 |       0 |   0.0 |      11 |       0 |   0.0
        D:4 |      46 |       0 |   0.0 |       4 |       0 |   0.0
            +---------+---------+-------+---------+---------+-------
